 Dungeon Crawl Stone Soup version 0.19.0 (webtiles) character file.

297 TheGoonsmith the Shield-Bearer (level 6, -2/49 HPs)
             Began as a Formicid Fighter on Nov 13, 2016.
             Slain by a gnoll
             ... wielding a +0 halberd
              (7 damage)
             ... on level 4 of the Dungeon.
             The game lasted 00:03:48 (2173 turns).

TheGoonsmith the Shield-Bearer (Formicid Fighter)   Turns: 2173, Time: 00:03:48

Health: -2/49      AC:  6    Str: 27    XL:     6   Next: 62%
Magic:  6/6        EV:  8    Int:  8    God:
Gold:   160        SH: 10    Dex: 10    Spells: 0 memorised, 5 levels left

rFire  . . .     SeeInvis +     a - +0 war axe
rCold  . . .     Gourm    .     b - +0 scale mail
rNeg   . . .     Faith    .     c - +0 shield
rPois  .         Spirit   .     (helmet unavailable)
rElec  .         Reflect  .     (no cloak)
rCorr  .         Harm     .     (no gloves)
MR     .....                    (no boots)
Stlth  ..........               (no amulet)
                                (no ring)
                                (no ring)

@: mighty
A: permanent stasis, dig shafts and tunnels, four strong arms, antennae 3
a: Dig, Shaft Self


You were on level 4 of the Dungeon.
You were hungry.

You visited 1 branch of the dungeon, and saw 4 of its levels.

You collected 160 gold pieces.

Inventory:

Hand Weapons
 a - a +0 war axe (weapon)
Armour
 b - a +0 scale mail (worn)
 c - a +0 shield (worn)
Wands
 o - a wand of enslavement (5/24)
Scrolls
 e - 2 scrolls of random uselessness {unknown}
 h - a scroll of noise {unknown}
 i - 2 scrolls of enchant weapon {unknown}
 j - a scroll of enchant armour {unknown}
 k - a scroll of magic mapping {unknown}
 l - 3 scrolls of identify {unknown}
 r - a scroll of fog {unknown}
Potions
 m - a potion of invisibility {unknown}
 p - a potion of ambrosia {unknown}
 q - a potion of heal wounds {unknown}
Comestibles
 d - a beef jerky
 f - 3 bread rations
 g - 3 meat rations
 s - a chunk of flesh


   Skills:
 + Level 4.6 Fighting
 * Level 4.4 Axes
 - Level 3.2 Armour
 * Level 5.7 Shields


You had 5 spell levels left.
You didn't know any spells.

Dungeon Overview and Level Annotations

Branches:
Dungeon (4/15)
 Temple: D:4-7

Altars:
Xom
The Shining One


Innate Abilities, Weirdness & Mutations

You are under a permanent stasis effect.
You can dig through walls and to a lower floor.
Your four strong arms can wield two-handed weapons with a shield.
You have a pair of large antennae on your head. (SInv)


Message History

You feel very mighty all of a sudden. The orc hits you with a flail.
You hit the orc.
You kill the orc!
You block the gnoll's attack. The gnoll hits you with a halberd!
* * * LOW HITPOINT WARNING * * *
You block the gnoll's attack.
You see here a flail.
You hit the gnoll.
The gnoll is moderately wounded.
The gnoll hits you with a halberd.
* * * LOW HITPOINT WARNING * * *
The gnoll closely misses you.
Are you sure you want to shaft yourself?
You are feeling hungry.
The gnoll barely misses you. You block the gnoll's attack.
You begin to dig a shaft.
You continue digging a shaft.
The gnoll hits you with a halberd!
You die...

#####.########.#
#......# #.#
#......# #.#
#......# #..
#######.## ###
#....##.#
#.......#
#....#### ###@##
# #g#####.##.
#og........
#g........#
#.........#
#.........#
#........##
#........#
#........#


You could see 3 gnolls and an orc.

Vanquished Creatures
  2 bullfrogs (D:3)
  A hound (D:4)
  An orc wizard (D:4)
  An iguana (D:4)
  3 adders
  An ooze (D:1)
  2 dart slugs
  A leopard gecko (D:2)
  7 orcs
  8 bats
  2 giant cockroaches
  4 hobgoblins
  4 frilled lizards
  7 goblins
  6 kobolds
  6 rats
56 creatures vanquished.

Notes
Turn   | Place    | Note
-------+----------+-------------------------------------------
     0 | D:1      | TheGoonsmith the Formicid Fighter began the quest for the Orb.
     0 | D:1      | Reached XP level 1. HP: 18/18 MP: 1/1
    40 | D:1      | Found a shimmering altar of Xom.
   161 | D:1      | Reached XP level 2. HP: 18/24 MP: 2/2
   200 | D:1      | Reached skill level 4 in Shields
   327 | D:1      | Reached XP level 3. HP: 29/29 MP: 3/3
   878 | D:2      | Found a glowing golden altar of the Shining One.
  1012 | D:2      | Reached XP level 4. HP: 33/37 MP: 4/4
  1158 | D:3      | Noticed a bullfrog
  1173 | D:3      | Killed a bullfrog
  1173 | D:3      | Reached XP level 5. HP: 17/42 MP: 5/5
  1661 | D:3      | Reached skill level 5 in Shields
  1841 | D:3      | Noticed a bullfrog
  1850 | D:3      | Killed a bullfrog
  1850 | D:3      | Reached XP level 6. HP: 34/49 MP: 6/6
  2173 | D:4      | Slain by a gnoll

Skill      XL: |  1  2  3  4  5 |
---------------+----------------+-----
Shields        | 4 5 |  5.7
Axes           | 3 4 |  4.4
Fighting       | 4 |  4.6
Armour         | |  3.2

Action                   |  1- 3 |  4- 6 || total
-------------------------+-------+-------++-------
Melee: War axe           |    97 |    94 ||   191
 Abil: Shaft Self        |       |     1 ||     1
  Use: Potion            |       |     3 ||     3
  Eat: Chunk             |     1 |     3 ||     4
Armor: Scale mail        |    41 |    36 ||    77
Dodge: Dodged            |    38 |    28 ||    66
Block: Shield            |    56 |    61 ||   117
